 Dungeon Crawl Stone Soup version 0.22-a0-274-gf8199ec (webtiles) character file.

621456 Firecrotchwizard the Conqueror (level 27, -48/163 HPs)
             Began as a Minotaur Fighter on Mar 11, 2018.
             Was a High Priest of Hepliaklqana.
             Killed from afar by an ancient lich (72 damage)
             ... with an iron shot
             ... on level 5 of the Realm of Zot on Mar 13, 2018.
             The game lasted 03:17:45 (72304 turns).

Firecrotchwizard the Conqueror (Minotaur Fighter)  Turns: 72304, Time: 03:17:45

Health: -48/163    AC: 46    Str: 27    XL:     27
Magic:  27/30      EV: 29    Int:  2    God:    Hepliaklqana [*****.]
Gold:   5420       SH: 19    Dex: 23    Spells: 26/26 levels left

rFire    + . .     SeeInvis .   t - +9 double sword (elec)
rCold    + + .     Gourm    .   c - +0 shield
rNeg     + . .     Faith    .   E - +7 gold dragon scales
rPois    +         Spirit   .   r - +0 hat of Ixzeh {+Blink rN+}
rElec    .         Reflect  +   h - +2 cloak
rCorr    .         Harm     .   F - +2 pair of gloves
MR       ++...     NoCast   +   Q - +1 pair of boots of Feasting {-Cast rPois rC+ Str+7}
Stlth    ..........             Z - +4 amulet of reflection
HPRegen  0.37/turn              O - +5 ring of evasion
MPRegen  0.22/turn              T - +6 ring of protection

@: corroded, drained
A: retaliatory headbutt, reduced essence, horns 2, agile 1, blurry vision 1,
deterioration 1, dopey 2, frail 3, low mp 1, screaming 1, weak 1, MP-powered
wands
}: 3/15 runes: decaying, silver, gossamer
a: Recall Ancestor, Ancestor Identity, Transference, Idealise, Renounce
Religion, Evoke Blink


You were on level 5 of the Realm of Zot.
You worshipped Hepliaklqana.
Hepliaklqana was extremely pleased with you.
You were not hungry.

You visited 9 branches of the dungeon, and saw 49 of its levels.
You visited the Abyss 1 time.
You also visited: Trove, Sewer, Ossuary and Volcano.

You collected 7100 gold pieces.
You spent 1680 gold pieces at shops.

Inventory:

Hand Weapons
 b - a +3 scimitar of flaming
   (You took it off an efreet on level 14 of the Dungeon)
 t - a +9 double sword of electrocution (weapon)
   (You found it on level 1 of the Depths)
 I - a +2 scimitar of holy wrath
   (You took it off a daeva on level 2 of the Abyss)
Missiles
 A - a throwing net {=f, !d}
Armour
 c - a +0 shield (worn)
 h - a +2 cloak (worn)
   (You found it on level 1 of the Dungeon)
 l - quicksilver dragon scales
   (You found it on level 4 of the Depths)
 r - the +0 hat of Ixzeh (worn) {+Blink rN+}
   (You found it in a treasure trove)

   It protects you from negative energy.
   It lets you blink.
 E - +7 gold dragon scales (worn)
   (You found it on level 5 of the Vaults)
 F - a +2 pair of gloves (worn)
   (You found it on level 6 of the Dungeon)
 Q - the +1 pair of boots of Feasting (worn) {-Cast rPois rC+ Str+7}
   (You found it on level 6 of the Lair of Beasts)

   It affects your strength (+7).
   It protects you from cold.
   It protects you from poison.
   It prevents spellcasting.
Jewellery
 y - the ring of the Middle {rCorr Int+2}
   (You found it on level 1 of the Spider Nest)

   [ring of resist corrosion]

   It affects your intelligence (+2).
 G - an uncursed ring of protection from magic {MR+, !d}
   (You bought it in a shop on level 5 of the Depths)
 M - the ring "Elirobatyecw" {rC+ Str+4}
   (You found it in a treasure trove)

   [ring of protection from cold]

   It affects your strength (+4).
   It protects you from cold.
 O - a +5 ring of evasion (left hand)
   (You found it on level 2 of the Lair of Beasts)
 P - an uncursed ring of protection from fire {rF+, !d}
   (You found it on level 1 of the Spider Nest)
 T - a +6 ring of protection (right hand)
   (You found it on level 2 of the Swamp)
 X - an uncursed ring of positive energy {rN+}
   (You found it in a treasure trove)
 Z - a +4 amulet of reflection (around neck)
   (You found it on level 2 of the Elven Halls)
Wands
 q - a wand of acid (17)
   (You found it on level 3 of the Dungeon)
 J - a wand of random effects (27)
   (You found it on level 2 of the Realm of Zot)
 U - a wand of digging (51)
   (You found it on level 5 of the Lair of Beasts)
Scrolls
 e - 2 scrolls of holy word {!r}
 g - 12 scrolls of remove curse
 j - 12 scrolls of identify
 k - 13 scrolls of fear
 n - 14 scrolls of teleportation
 v - 11 scrolls of fog
 w - 11 scrolls of magic mapping {!r}
 x - 7 scrolls of blinking {!r}
 C - 5 scrolls of enchant weapon
 R - 2 scrolls of brand weapon
 S - 4 scrolls of silence
Potions
 a - 2 potions of resistance
 d - 3 potions of might
 i - 2 potions of haste
 m - 4 potions of berserk rage {!q}
 o - 4 potions of invisibility
 u - 18 potions of curing
 z - 9 potions of agility
 H - 4 potions of heal wounds
 K - 5 potions of flight
 L - a potion of brilliance
Miscellaneous
 s - a phial of floods
   (You found it on level 2 of the Depths)
 D - a lamp of fire
   (You found it on level 5 of the Vaults)
 N - a lightning rod (4/4)
   (You found it on level 10 of the Dungeon)
 W - a sack of spiders
Comestibles
 f - 50 rations {@e1}
 p - 7 chunks of flesh {@w0}


   Skills:
 O Level 27(26.7) Fighting
 + Level 17.8(17.6) Long Blades
 + Level 25.9(25.6) Armour
 + Level 24.5(24.3) Dodging
 - Level 15.0(14.8) Shields
 - Level 16.0(15.8) Invocations
 - Level 9.6(9.5) Evocations


You had 26 spell levels left.
You didn't know any spells.

Dungeon Overview and Level Annotations

Branches:
Dungeon (15/15)            Temple (0/1) D:4            Lair (6/6) D:11
  Swamp (4/4) Lair:2       Spider (4/4) Lair:4        Slime (0/5) Lair:5
    Orc (2/2) D:11            Elf (3/3) Orc:2        Vaults (5/5) D:14
  Crypt (0/3) Vaults:3     Depths (5/5) D:15            Zot (5/5) Depths:5

Altars:
Ashenzari
Dithmenos
Fedhas
Gozag
Hepliaklqana
Kikubaaqudgha
Makhleb
Okawaru
Sif Muna
Trog
Vehumet
Wu Jian
Xom
Yredelemnul
Zin
Beogh

Shops:
D:7 *   D:11 *   D:15 }   Orc:2 :[%%   Elf:1 :   Vaults:1 =(   Depths:4 ?!=*%
Depths:5 =}=

Portals:
Hell: Depths:1 Depths:2 Depths:3 Depths:4 Depths:5
Abyss: Depths:4
Pandemonium: Orc:2 Depths:1 Depths:3
Ziggurat: Depths:2

Annotations:
D:6 exclusion: statue
D:9 exclusion: ice statue
Lair:5 exclusion: 2 oklob plants
Spider:1 exclusion: Roxanne, Roxanne
Depths:2 1 exclusion


Innate Abilities, Weirdness & Mutations

You reflexively headbutt those who attack you in melee.
You have a pair of horns on your head.
Your life essence is reduced to manifest your ancestor. (-10% HP)
You are agile. (Dex +2)
Scrolls take you a little longer to read.
Your body sometimes deteriorates upon taking damage.
You are very dopey. (Int -4)
You are extremely frail. (-30% HP)
Your magical capacity is low. (-10% MP)
You occasionally shout uncontrollably at your foes.
You are weak. (Str -2)
You expend magic power (3 MP) to strengthen your wands.


Message History

The bolt of acid misses you.
Taco hits the orb of fire with an antimagic quick blade!
The orb of fire is destroyed!
You take 17 damage, and have 104/163 hp.
You hit something. Your headbutt misses something.
The Orb Guardian hits you but does no damage.
You hear some strange, mumbled words.
The ancient lich touches Taco!
You slash something! You headbutt something.
Taco hits the ancient lich but does no damage.
You block the Orb Guardian's attack.
You slice something!!
Taco hits the ancient lich with an antimagic quick blade.
The ancient lich's magic leaks into the air.
You hear some strange, mumbled words.
Something tries to affect you, but you resist.
The ancient lich touches Taco!
The Orb Guardian completely misses you.
You riposte.
You slice the Orb Guardian!! You headbutt the Orb Guardian.
You hit something but do no damage. Your headbutt misses something.
Taco completely misses the ancient lich.
You block the hellion's attack. You block the Orb Guardian's attack.
Something misses you.
Taco hits the ancient lich but does no damage.
The ancient lich casts a spell at you.
The bolt of acid hits Taco.
Taco is splashed with acid.
The bolt of acid hits you! The acid corrodes you!
You are splashed with acid!
The acid burns!
You take 30 damage, and have 75/163 hp.
You closely miss something. You block the hellion's attack.
Taco mumbles some strange words.
The Orb Guardian resists with almost no effort.
The hellion resists with some effort.
The Orb Guardian barely misses you.
You riposte.
You slice the Orb Guardian!!
Lightning courses through the Orb Guardian!
You slice something!! You headbutt something.
Something touches you but does no damage.
The ancient lich touches Taco but does no damage.
Taco hits the ancient lich with an antimagic quick blade.
The ancient lich's magic leaks into the air.
The hellion hits you but does no damage.
The Orb Guardian closely misses you.
You closely miss something.
Taco barely misses the ancient lich.
You block the Orb Guardian's attack.
Something touches you but does no damage.
The ancient lich touches Taco but does no damage.
You block the hellion's attack.
Hepliaklqana grants Taco healing and protection!
Taco is healed somewhat.
Taco hits the ancient lich with an antimagic quick blade.
The ancient lich's magic leaks into the air.
The Orb Guardian completely misses you.
You riposte.
You slice the Orb Guardian!! Your headbutt misses the Orb Guardian.
Taco hits the ancient lich with an antimagic quick blade!!
The ancient lich's magic leaks into the air.
You block the hellion's attack. Something touches you.
The ancient lich touches Taco!!
You take 1 damage, and have 75/163 hp.
You now have 26/30 mp.
You slice something!! Your headbutt misses something.
You block the Orb Guardian's attack.
Taco casts a spell.
The Orb Guardian resists with almost no effort.
The hellion appears confused.
Something touches you but does no damage.
You barely miss something. Your headbutt misses something.
The Orb Guardian completely misses you.
Taco barely misses the ancient lich.
The ancient lich touches Taco but does no damage.
Your gold dragon scales prevents you from hitting something.
Taco barely misses the ancient lich.
The Orb Guardian completely misses you. You furiously retaliate!
You headbutt the Orb Guardian, but do no damage.
You riposte.
You barely miss the Orb Guardian. Your headbutt misses the Orb Guardian.
You hear some strange, mumbled words.
An iron shot appears from out of thin air!
The iron shot hits you!
The ancient lich falters for a moment.
Taco hits the ancient lich but does no damage.
You take 21 damage, and have 55/163 hp.
You slice something!! You headbutt something. The Orb Guardian hits you!!
* * * LOW HITPOINT WARNING * * *
Taco hits the ancient lich but does no damage.
Something touches you!
* * * LOW HITPOINT WARNING * * *
You partially resist.
You feel drained.
* * * LOW HITPOINT WARNING * * *
The ancient lich touches Taco!
You take 32 damage, and have 23/163 hp.
You slash something! You headbutt something.
The Orb Guardian hits you but does no damage.
Taco hits the ancient lich with an antimagic quick blade!
The ancient lich's magic leaks into the air.
Your shield prevents you from hitting something.
You headbutt something.
Taco hits the ancient lich with an antimagic quick blade!
The ancient lich's magic leaks into the air.
The Orb Guardian hits you but does no damage.
You hear some strange, mumbled words.
An iron shot appears from out of thin air!
The iron shot hits you!
You die...

+....⌠...###...⌠.+
##.#.............#
###....<....#
###.....### ##)⌠.##
###.....###
#....<$...###
#..........L.)##.#
#....⌠...###...R@[2.#
#..#...### ###.X{#..#
#. ##+# ##'## ...# #
.. .... #.+ .## ## ▓


You could see the friendly Taco the hexer, an ancient lich, an Orb Guardian and
a hellion (confused).

Vanquished Creatures
  2 ancient liches (Vaults:5)
  3 orbs of fire
  Bai Suzhen (Depths:3)
  Xtahua (Vaults:4)
  Saint Roka (Orc:1)
  7 curse toes
  5 caustic shrikes
  5 golden dragons
  Nikola (Vaults:1)
  3 liches
  An Orb Guardian (Zot:5)
  13 tentacled monstrosities
  4 titans
  7 quicksilver dragons
  3 death cobs
  An ancient champion (Vaults:3)
  A deep elf blademaster (Elf:3)
  A quicksilver dragon (shapeshifter) (Vaults:5)
  8 sphinxes
  9 shadow dragons
  2 thorn hunters (Swamp:4)
  Frances (Spider:1)
  3 tengu reavers
  10 storm dragons
  A daeva (Abyss:2)
  10 draconian monks
  7 frost giants
  3 deep elf sorcerers
  12 fire giants
  6 draconian knights
  4 draconian scorchers
  7 emperor scorpions
  A balrug (Depths:5)
  A cacodemon (Abyss:2)
  Louise (D:14)
  2 orc warlords
  13 vault wardens
  7 draconian shifters
  3 ghost moths
  17 ironheart preservers
  5 draconian stormcallers
  2 iron dragons (Vaults:5)
  29 stone giants
  5 deep elf elementalists
  26 very ugly things
  A spriggan defender (Depths:2)
  6 draconian annihilators
  A vampire knight (Depths:1)
  6 war gargoyles
  An entropy weaver (shapeshifter) (Depths:2)
  Nessos (D:14)
  4 entropy weavers
  16 green draconians
  3 dire elephants (Lair:6)
  3 spark wasps
  Azrael (D:14)
  3 deep elf demonologists (Vaults:4)
  10 red draconians
  6 deep elf annihilators
  6 black draconians
  10 white draconians
  14 yellow draconians
  4 deep elf death magi
  15 purple draconians
  17 ettins
  Snorg (D:14)
  8 fire dragons
  A crystal guardian (Vaults:3)
  4 jiangshi
  5 deep elf high priests
  19 ogre magi
  Erolcha (D:13)
  12 yaktaur captains
  22 hydras
  39 vault guards
  5 rakshasas
  8 great orbs of eyes
  2 catoblepae (D:14)
  3 centaur warriors
  An anaconda (shapeshifter) (Depths:2)
  A death knight (Vaults:4)
  13 ice dragons
  2 spriggan air magi
  6 tengu warriors
  53 two-headed ogres
  12 deep troll shamans
  12 deep troll earth magi
  7 alligators
  A death yak (shapeshifter) (Vaults:5)
  3 spriggan berserkers
  24 dancing weapons
  8 orc high priests
  3 vampire magi
  Sonja (Orc:2)
  2 sun demons (Depths:5)
  A wretched star (Abyss:2)
  Nergalle (Lair:2)
  11 hell knights
  10 skeletal warriors
  A fire crab (shapeshifter) (Vaults:5)
  15 deep elf knights
  5 iron trolls
  3 spriggan druids
  A sixfirhy (Orc:2)
  2 shadow wraiths
  An unseen horror (D:12)
  A deep troll (shapeshifter) (Vaults:5)
  A death drake (shapeshifter) (Vaults:5)
  A sea snake (shapeshifter) (Depths:5)
  2 gelid demonspawn (Orc:2)
  5 wizards
  A flayed ghost (Vaults:4)
  35 deep trolls
  4 glowing orange brains
  A torturous demonspawn (Orc:2)
  10 orc knights
  8 deep elf archers
  3 shambling mangroves (Swamp:3)
  5 phantasmal warriors
  12 swamp dragons
  53 deep elf magi
  8 orc sorcerers
  15 ironbrand convokers
  3 necromancers
  2 wolf spider zombies
  13 orb spiders
  38 ugly things
  3 starcursed masses (Abyss:2)
  6 cyclopes
  26 wolf spiders
  A manticore (D:15)
  A sphinx skeleton (D:15)
  A moth of wrath (shapeshifter) (Vaults:5)
  10 elephants
  17 moths of wrath
  A human skeleton (Vaults:4)
  2 large abominations (Abyss:2)
  A manticore (shapeshifter) (Depths:4)
  9 apocalypse crabs (Zot:3)
  14 vault sentinels
  A guardian serpent (shapeshifter) (Vaults:5)
  7 black mambas
  A frost giant skeleton (Vaults:4)
  A spiny frog (shapeshifter) (Vaults:4)
  18 spiny frogs
  2 gargoyles
  A torpor snail (Lair:5)
  A hellion (Depths:3)
  A human zombie (Vaults:4)
  4 kobold demonologists (D:14)
  8 komodo dragons
  An entropy weaver simulacrum (Vaults:1)
  4 demonic crawlers
  A hellwing (Depths:3)
  2 efreet
  4 freezing wraiths
  34 yaktaurs
  3 tengu conjurers
  2 ice devils (Orc:2)
  2 meliai (shapeshifter)
  2 queen bees (shapeshifter)
  2 ancient zymes (Abyss:2)
  4 trolls
  35 jumping spiders
  A jumping spider (shapeshifter) (Depths:2)
  A polar bear (shapeshifter) (Vaults:5)
  A wind drake (shapeshifter) (Vaults:3)
  A shadow dragon simulacrum (Vaults:3)
  7 red devils
  Grinder (D:6)
  A troll (shapeshifter) (Depths:1)
  33 hornets
  6 tyrant leeches
  A polar bear (Lair:3)
  9 blink frogs
  A hornet (shapeshifter) (Depths:2)
  A deep troll zombie (D:15)
  7 hippogriffs
  6 raiju (Abyss:2)
  2 hippogriffs (shapeshifter)
  50 slime creatures
  A raiju (shapeshifter) (Vaults:1)
  3 bog bodies
  7 dream sheep
  56 redbacks
  3 shadows
  A redback (shapeshifter) (D:15)
  A deep troll skeleton (D:15)
  21 tarantellas
  An air elemental (Elf:3)
  3 wyverns
  An ettin skeleton (D:15)
  10 spriggans
  5 water elementals
  22 yaks
  2 vampires (D:14)
  2 basilisks (shapeshifter)
  A wraith (D:14)
  A ynoxinul (Abyss:2)
  A human (D:7)
  2 golden eyes (shapeshifter)
  A hog (D:7)
  A neqoxec (Abyss:2)
  21 vampire mosquitoes
  A steam dragon (D:9)
  A basilisk (Lair:4)
  6 fire elementals
  4 hungry ghosts
  4 wargs
  Menkaure (D:7)
  10 water moccasins
  An insubstantial wisp (Abyss:2)
  17 swamp worms
  3 acid dragons
  7 hell hounds
  9 porcupines
  A floating eye (Depths:2)
  14 swamp drakes
  2 ice beasts
  A black bear (D:6)
  A hornet zombie (D:15)
  37 ogres
  46 orc warriors
  3 sky beasts
  An eye of draining (D:14)
  A phantom (D:9)
  12 boggarts
  22 wolves
  7 centaurs
  9 crocodiles
  A big kobold (D:14)
  An earth elemental (Elf:3)
  16 bullfrogs
  A wyvern skeleton (D:14)
  2 scorpions
  11 killer bees
  3 wights (D:14)
  4 electric eels
  4 howler monkeys
  3 crimson imps
  2 centaur zombies
  A yaktaur simulacrum (Vaults:1)
  2 hounds
  2 jellies
  3 bullfrog skeletons
  4 bullfrog zombies
  An iron imp (Depths:1)
  A gnoll shaman (D:8)
  27 orc priests
  15 orc wizards
  Jessica (D:3)
  Terence (D:3)
  6 hexers
  3 iguanas
  Ijyb (D:5)
  7 worker ants
  4 small abominations (Abyss:2)
  An ogre skeleton (Abyss:2)
  A hound zombie (D:10)
  A hound skeleton (D:5)
  5 mummies (Ossuary)
  17 adders
  6 gnolls
  A howler monkey skeleton (D:4)
  6 river rats (Sewer)
  3 shadow imps
  An ufetubus (Abyss:2)
  3 worms (D:3)
  2 dart slugs
  8 leopard geckos
  92 orcs
  9 ball pythons
  5 giant cockroaches (D:3)
  4 goblins (D:1)
  4 hobgoblins
  6 jackals
  5 kobolds
  5 quokkas
  6 bats
  8 frilled lizards
  2 gnoll zombies (Ossuary)
  3 hobgoblin zombies (Ossuary)
  A jackal skeleton (D:4)
  2 kobold zombies (Ossuary)
  A leopard gecko zombie (D:5)
  A quokka zombie (D:7)
  27 rats
  A briar patch (Swamp:4)
  5 plants (Lair:6)
2053 creatures vanquished.

Vanquished Creatures (collateral kills)
  An orb of fire (Zot:5)
  Margery (Depths:3)
  A caustic shrike (Depths:5)
  2 golden dragons
  An electric golem (Zot:1)
  2 tentacled monstrosities
  A death cob (Zot:4)
  A storm dragon (Vaults:5)
  2 shadow dragons (Vaults:5)
  The ghost of grandjackal the Warrior, an adept DsGl of Wu Jian (Elf:2)
  2 draconian monks
  4 draconian knights
  2 draconian scorchers (Zot:3)
  2 vault wardens
  A ghost moth (Spider:4)
  A draconian shifter (Zot:2)
  A draconian stormcaller (Zot:3)
  3 ironheart preservers
  A draconian annihilator (Zot:2)
  A war gargoyle (Vaults:5)
  2 very ugly things
  4 stone giants
  3 green draconians
  5 black draconians
  A yellow draconian (Zot:1)
  3 purple draconians
  A deep elf annihilator (Vaults:5)
  2 red draconians (Zot:2)
  An ettin (Depths:4)
  3 deep elf death magi
  A great orb of eyes (Depths:5)
  A deep elf high priest (Depths:5)
  A fire dragon (Depths:5)
  4 hydras
  7 vault guards
  An ice dragon (Depths:2)
  A spriggan air mage (Depths:5)
  A large abomination (Depths:4)
  3 dancing weapons
  A deep troll shaman (Depths:4)
  An anaconda (Lair:6)
  6 two-headed ogres
  An alligator (Swamp:1)
  A spriggan berserker (Depths:4)
  A vampire mage (Depths:4)
  2 hell knights (Depths:3)
  5 deep elf knights
  A shadow wraith (Vaults:4)
  2 deep trolls
  A flayed ghost (Vaults:4)
  A sixfirhy (Abyss:2)
  An unseen horror (D:13)
  A skeletal warrior (D:15)
  2 swamp dragons (Swamp:4)
  A shadow demon (Abyss:2)
  A deep elf archer (Elf:1)
  An orb spider (Spider:4)
  3 wolf spiders
  3 ugly things
  2 orc knights
  3 deep elf magi
  An orc sorcerer (Elf:1)
  A manticore (D:11)
  An elephant (Lair:4)
  A moth of wrath (Zot:1)
  2 spiny frogs
  A black mamba (Lair:2)
  A torpor snail (Lair:1)
  An apocalypse crab (Zot:3)
  A centaur skeleton (D:15)
  A freezing wraith (Vaults:2)
  A komodo dragon (Lair:6)
  3 yaktaurs
  A hellwing (Depths:3)
  2 tyrant leeches
  2 jumping spiders (Spider:4)
  7 slime creatures
  3 raiju (Abyss:2)
  A dream sheep (Lair:6)
  2 blink frogs
  A hippogriff (D:14)
  A water elemental (Elf:1)
  3 tarantellas (Spider:4)
  4 redbacks
  A spriggan (Swamp:2)
  A shadow (Swamp:1)
  3 hogs (D:7)
  7 yaks
  2 fire elementals (D:14)
  4 vampire mosquitoes
  2 wargs
  3 orc warriors
  A water moccasin (Lair:1)
  2 swamp drakes (Swamp:4)
  An eye of draining (Vaults:4)
  11 ogres
  4 wolves
  A crocodile (Lair:5)
  2 electric eels
  2 centaur zombies
  3 crimson imps
  A bullfrog skeleton (D:11)
  An iguana (D:12)
  4 orc wizards
  A worker ant (D:7)
  A hound zombie (D:5)
  A hound skeleton (D:4)
  3 mummies (Ossuary)
  2 adders
  A shadow imp (D:14)
  A worm (D:5)
  21 orcs
  3 jackals
  A kobold (D:14)
  A quokka (D:10)
  A hobgoblin zombie (Ossuary)
  A butterfly (Lair:6)
253 creatures vanquished.

Vanquished Creatures (others)
  A storm dragon (Zot:1)
  A draconian annihilator (Zot:1)
  A yellow draconian (Zot:1)
  A white draconian (Zot:1)
  A vault guard (Vaults:4)
  A spriggan berserker (Depths:5)
  A wolf spider zombie (D:14)
  A yaktaur (Depths:3)
  5 dream sheep (D:3)
  An acid dragon (D:14)
  A swamp drake (Swamp:3)
  An orc warrior (Orc:2)
  3 ogres
  An orc priest (Vaults:4)
  49 hexers
  An ancestor (D:4)
  A shadow imp (D:14)
  3 briar patches (Swamp:4)
  18 fungi
  2 lurking horrors (Abyss:2)
  18 plants
  2 withered plants (D:15)
114 creatures vanquished.

Grand Total: 2420 creatures vanquished

Notes
Turn   | Place    | Note
-------+----------+-------------------------------------------
     0 | D:1      | Firecrotchwizard the Minotaur Fighter began the quest for the Orb.
     0 | D:1      | Reached XP level 1. HP: 19/19 MP: 0/0
    24 | D:1      | Reached skill level 3 in Long Blades
    24 | D:1      | Reached XP level 2. HP: 27/27 MP: 1/1
   151 | D:1      | Reached skill level 4 in Fighting
   752 | D:2      | Reached XP level 3. HP: 21/33 MP: 2/2
   918 | D:2      | Reached skill level 4 in Long Blades
  1437 | D:3      | Found a shattered altar of Ashenzari.
  1502 | D:3      | Reached XP level 4. HP: 39/41 MP: 3/3
  1556 | D:3      | Noticed a dream sheep
  1556 | D:3      | Noticed a dream sheep
  1556 | D:3      | Noticed a dream sheep
  1556 | D:3      | Noticed a dream sheep
  1556 | D:3      | Noticed a dream sheep
  1556 | D:3      | Found a shimmering altar of Xom.
  1562 | D:3      | Killed a dream sheep
  1562 | D:3      | Killed a dream sheep
  1563 | D:3      | Killed a dream sheep
  1563 | D:3      | Killed a dream sheep
  1563 | D:3      | Killed a dream sheep
  1568 | D:3      | Noticed Jessica
  1574 | D:3      | Killed Jessica
  1624 | D:3      | Reached skill level 5 in Long Blades
  1644 | D:3      | Noticed an ogre
  1651 | D:3      | HP: 3/41 [ogre/giant club (20)]
  1652 | D:3      | Killed an ogre
  1652 | D:3      | Reached skill level 5 in Fighting
  1652 | D:3      | Reached XP level 5. HP: 4/48 MP: 4/4
  2038 | D:3      | Reached skill level 6 in Long Blades
  2082 | D:3      | Found a glowing drain.
  2086 | Sewer    | Entered a sewer
  2361 | Sewer    | Reached XP level 6. HP: 25/56 MP: 5/5
  2375 | Sewer    | HP: 14/56 [poisoned by an adder]
  2381 | Sewer    | HP: 14/56 [poisoned by an adder]
  2389 | Sewer    | HP: 13/56 [poisoned by an adder]
  2695 | Sewer    | HP: 8/56 [river rat (7)]
  3190 | Sewer    | HP: 14/57 [ball python (1)]
  3195 | Sewer    | Reached skill level 6 in Fighting
  3195 | Sewer    | Reached skill level 7 in Long Blades
  3196 | Sewer    | HP: 7/57 [poisoned by an adder]
  3198 | Sewer    | HP: 3/57 [frilled lizard (1)]
  3203 | Sewer    | HP: 2/57 [poisoned by an adder]
  3723 | D:3      | Noticed Terence
  3726 | D:3      | Killed Terence
  3726 | D:3      | Reached XP level 7. HP: 63/63 MP: 6/6
  3809 | D:3      | Found an opulent altar of Gozag.
  3924 | D:3      | Found a hazy altar of Hepliaklqana.
  3929 | D:3      | Became a worshipper of Hepliaklqana the Forgotten
  4198 | D:4      | Found an ancient bone altar of Kikubaaqudgha.
  4456 | D:4      | Reached skill level 8 in Long Blades
  4493 | D:4      | Found a staircase to the Ecumenical Temple.
  4799 | D:4      | Reached * piety under Hepliaklqana
  5065 | D:4      | Reached skill level 7 in Fighting
  5327 | D:5      | Entered Level 5 of the Dungeon
  5577 | D:5      | Reached skill level 9 in Long Blades
  5740 | D:5      | Noticed Ijyb
  5747 | D:5      | Killed Ijyb
  5865 | D:5      | Reached XP level 8. HP: 59/65 MP: 7/7
  6045 | D:5      | Found an iron altar of Okawaru.
  6782 | D:6      | Reached ** piety under Hepliaklqana
  6785 | D:6      | Remembered your ancestor Taco as a hexer
  6869 | D:6      | Found a deep blue altar of Sif Muna.
  6906 | D:6      | Reached skill level 10 in Long Blades
  6930 | D:6      | Reached skill level 8 in Fighting
  7136 | D:6      | Found a radiant altar of Vehumet.
  7151 | D:6      | Noticed Grinder
  7156 | D:6      | Killed Grinder
  7156 | D:6      | Reached skill level 11 in Long Blades
  7192 | D:6      | Found a basalt altar of Yredelemnul.
  7196 | D:6      | Found a shadowy altar of Dithmenos.
  7259 | D:6      | Reached skill level 4 in Armour
  7259 | D:6      | Reached skill level 4 in Shields
  7460 | D:7      | Found Elall's Elemental Accessories.
  7500 | D:7      | Noticed Menkaure
  7505 | D:7      | Killed Menkaure
  7505 | D:7      | Reached skill level 9 in Fighting
  7505 | D:7      | Reached XP level 9. HP: 74/74 MP: 8/8
  7874 | D:7      | Reached skill level 5 in Armour
  7874 | D:7      | Reached skill level 5 in Shields
  7884 | D:7      | Reached skill level 6 in Armour
  7884 | D:7      | Reached skill level 6 in Shields
  8378 | D:7      | Reached skill level 10 in Fighting
  8873 | D:7      | Found a bloodstained altar of Trog.
  9038 | D:8      | Found a sand-covered staircase.
  9046 | D:8      | Reached skill level 7 in Armour
  9046 | D:8      | Reached skill level 7 in Shields
  9065 | Ossuary  | Entered an ossuary
  9415 | D:8      | Found a burning altar of Makhleb.
  9840 | D:8      | Found an ornate altar of the Wu Jian Council.
  9840 | D:8      | Found a glowing silver altar of Zin.
  9908 | D:8      | Reached XP level 10. HP: 82/84 MP: 9/9
 10098 | D:9      | Reached *** piety under Hepliaklqana
 10156 | D:9      | Noticed a two-headed ogre
 10172 | D:9      | Killed a two-headed ogre
 10172 | D:9      | Reached skill level 1 in Invocations
 10280 | D:9      | Noticed an ice statue
 10342 | D:9      | Reached skill level 2 in Invocations
 10477 | D:9      | Reached skill level 8 in Armour
 10576 | D:9      | Reached skill level 8 in Shields
 10580 | D:9      | Reached skill level 11 in Fighting
 10683 | D:10     | Entered Level 10 of the Dungeon
 10899 | D:10     | Reached skill level 3 in Invocations
 10995 | D:10     | Noticed a two-headed ogre
 11003 | D:10     | Killed a two-headed ogre
 11349 | D:11     | Found Qynguoff's General Store.
 11416 | D:11     | Found a roughly hewn altar of Beogh.
 11416 | D:11     | Found a staircase to the Orcish Mines.
 11467 | D:11     | Reached skill level 4 in Invocations
 11479 | D:11     | Reached skill level 9 in Armour
 11479 | D:11     | Reached skill level 9 in Shields
 11730 | D:11     | Found a staircase to the Lair.
 11736 | D:11     | Got a dazzling trident
 11752 | D:11     | Noticed a manticore
 11763 | D:11     | Reached XP level 11. HP: 93/93 MP: 13/13
 11932 | D:11     | Reached **** piety under Hepliaklqana
 12283 | Lair:1   | Entered Level 1 of the Lair of Beasts
 12466 | Lair:1   | Reached skill level 12 in Fighting
 12466 | Lair:1   | Reached skill level 5 in Invocations
 12732 | Lair:1   | Found an opulent altar of Gozag.
 13278 | Lair:1   | Identified the +4 trident of Defilement {venom, *Drain rF+ Str+4 Stlth+} (You found it on level 11 of the Dungeon)
 13662 | Lair:1   | Reached skill level 10 in Armour
 13662 | Lair:1   | Reached skill level 10 in Shields
 14146 | Lair:2   | Reached skill level 6 in Invocations
 14201 | Lair:2   | Noticed a five-headed hydra
 14215 | Lair:2   | Killed an eight-headed hydra
 14461 | Lair:2   | Noticed a seven-headed hydra
 14476 | Lair:2   | Killed a 12-headed hydra
 14476 | Lair:2   | Reached XP level 12. HP: 82/101 MP: 14/16
 14702 | Lair:2   | Noticed Nergalle
 14708 | Lair:2   | Killed Nergalle
 14708 | Lair:2   | Reached skill level 13 in Fighting
 14708 | Lair:2   | Reached skill level 1 in Dodging
 14708 | Lair:2   | Reached skill level 7 in Invocations
 14861 | Lair:2   | You fall through a shaft for 2 floors!
 14861 | Lair:4   | Found a hole to the Spider Nest.
 14865 | Lair:4   | Reached ***** piety under Hepliaklqana
 14889 | Lair:4   | Reached skill level 2 in Dodging
 14923 | Lair:4   | Reached skill level 3 in Dodging
 15071 | Lair:4   | Noticed an eight-headed hydra
 15081 | Lair:4   | Killed an eight-headed hydra
 15302 | Lair:4   | Noticed a four-headed hydra
 15325 | Lair:4   | Killed a four-headed hydra
 15425 | Lair:4   | Reached skill level 4 in Dodging
 15660 | Lair:4   | Reached skill level 8 in Invocations
 16343 | Lair:5   | Reached skill level 5 in Dodging
 16352 | Lair:5   | Reached skill level 14 in Fighting
 16519 | Lair:5   | Found a dark tunnel.
 16525 | Volcano  | Entered a volcano
 16558 | Volcano  | Reached skill level 6 in Dodging
 16558 | Volcano  | Reached skill level 9 in Invocations
 16594 | Volcano  | Noticed a two-headed ogre
 16603 | Volcano  | Killed a two-headed ogre
 16730 | Volcano  | Noticed an ogre mage
 16730 | Volcano  | Noticed a two-headed ogre
 16736 | Volcano  | Noticed a two-headed ogre
 16740 | Volcano  | Paralysed by an ogre mage for 7 turns
 16761 | Lair:5   | Killed a two-headed ogre
 16761 | Lair:5   | Reached XP level 13. HP: 55/112 MP: 18/18
 17517 | Lair:5   | Found a staircase to the Slime Pits.
 17565 | Lair:5   | Reached skill level 7 in Dodging
 17671 | Lair:6   | Entered Level 6 of the Lair of Beasts
 18039 | Lair:6   | Reached skill level 11 in Shields
 18348 | Lair:6   | Reached skill level 15 in Fighting
 18766 | Lair:6   | Reached skill level 10 in Invocations
 19024 | Lair:6   | Reached skill level 8 in Dodging
 19167 | Lair:6   | Noticed a dire elephant
 19187 | Lair:6   | Killed a dire elephant
 19348 | Lair:6   | Noticed a dire elephant
 19348 | Lair:6   | Noticed a dire elephant
 19368 | Lair:6   | Killed a dire elephant
 19382 | Lair:6   | Killed a dire elephant
 19403 | Lair:6   | Got a pair of slimy boots
 19414 | Lair:6   | Identified the +1 pair of boots of Feasting {-Cast rPois rC+ Str+7} (You found it on level 6 of the Lair of Beasts)
 19904 | Lair:3   | Reached skill level 12 in Shields
 20542 | D:12     | Reached skill level 9 in Dodging
 20545 | D:12     | Found a blossoming altar of Fedhas.
 20563 | D:12     | Reached XP level 14. HP: 121/121 MP: 21/21
 20725 | D:12     | Got a translucent spear {holy}
 20980 | D:12     | Reached skill level 11 in Invocations
 21493 | D:13     | Got a smoking robe
 21583 | D:13     | Reached ****** piety under Hepliaklqana
 21724 | D:13     | Reached skill level 16 in Fighting
 21847 | D:13     | Noticed Erolcha
 21853 | D:13     | Killed Erolcha
 22258 | D:14     | Reached skill level 13 in Shields
 22368 | D:14     | Noticed Snorg
 22391 | D:14     | Killed Snorg
 22610 | D:14     | Found a gate to the Vaults.
 22814 | D:14     | Reached skill level 12 in Invocations
 22913 | D:14     | Noticed Nessos
 22921 | D:14     | Killed Nessos
 22951 | D:14     | Noticed Azrael
 22972 | D:14     | Killed Azrael
 23518 | D:14     | Noticed Louise
 23538 | D:14     | Killed Louise
 23538 | D:14     | Reached skill level 17 in Fighting
 23538 | D:14     | Reached skill level 14 in Shields
 23547 | D:14     | Reached XP level 15. HP: 121/132 MP: 23/23
 23588 | D:15     | Entered Level 15 of the Dungeon
 24094 | D:15     | Found Wolyirch's Gadget Shoppe.
 24102 | D:15     | Bought a wand of acid (3) for 210 gold pieces
 24102 | D:15     | Bought a wand of scattershot (6) for 450 gold pieces
 24244 | D:15     | Found a staircase to the Depths.
 24293 | D:15     | HP: 28/132 [sphinx skeleton (8)]
 24300 | D:15     | HP: 26/132 [deep troll earth mage zombie (4)]
 24305 | D:15     | HP: 1/132 [ettin skeleton (18)]
 25266 | Orc:1    | Entered Level 1 of the Orcish Mines
 25594 | Orc:2    | Entered Level 2 of the Orcish Mines
 25790 | Orc:2    | Noticed Sonja
 25797 | Orc:2    | Killed Sonja
 26013 | Orc:2    | Found Waxivaen's Food Shoppe.
 26014 | Orc:2    | Found Plog's Food Emporium.
 26062 | Orc:2    | Reached skill level 13 in Invocations
 26094 | Orc:2    | HP: 27/132 [orc priest/divine providence (17)]
 26532 | Orc:2    | Reached skill level 15 in Shields
 26557 | Orc:2    | HP: 29/133 [orc knight/great mace (18)]
 26947 | Orc:2    | HP: 29/134 [soul eater/drain life[an orc high priest] (10)]
 27409 | Orc:2    | Found a staircase to the Elven Halls.
 27437 | Orc:2    | Noticed Saint Roka
 27590 | Orc:1    | HP: 27/134 [Saint Roka/vampiric bardiche (16)]
 27593 | Orc:1    | Killed Saint Roka
 27593 | Orc:1    | Reached skill level 18 in Fighting
 28268 | Orc:2    | Found Nujuhogh's Antique Armour Shop.
 28268 | Orc:2    | Found a one-way gate leading to the halls of Pandemonium.
 28268 | Orc:2    | Found Bycvaul's Book Boutique.
 28269 | Orc:2    | Paralysed by an orc sorcerer for 4 turns
 28282 | Orc:2    | HP: 30/135 [red devil/vampiric demon trident[an orc high priest] (10)]
 28726 | Lair:2   | Found a staircase to the Swamp.
 28747 | Swamp:1  | Entered Level 1 of the Swamp
 28794 | Swamp:1  | Reached skill level 14 in Invocations
 29132 | Swamp:1  | Reached XP level 16. HP: 143/143 MP: 25/25
 29920 | Swamp:2  | Reached skill level 19 in Fighting
 31116 | Swamp:3  | Found the +8 autumn katana {slice, Clar}
 31255 | Swamp:3  | Got a heavily runed scale mail
 31317 | Swamp:3  | Reached skill level 10 in Dodging
 31363 | Swamp:3  | Identified the cursed +1 scale mail "Izuzigh" {rCorr Slay+3} (You found it on level 3 of the Swamp)
 31418 | Swamp:3  | Noticed a tentacled monstrosity
 31431 | Swamp:3  | Killed a tentacled monstrosity
 31611 | Swamp:3  | Reached skill level 15 in Invocations
 32021 | Swamp:4  | Entered Level 4 of the Swamp
 32293 | Swamp:4  | Noticed a thorn hunter
 32533 | Swamp:4  | Noticed a thorn hunter
 32550 | Swamp:4  | Killed a thorn hunter
 32550 | Swamp:4  | Reached skill level 11 in Dodging
 32701 | Swamp:4  | Killed a thorn hunter
 32701 | Swamp:4  | Reached XP level 17. HP: 128/153 MP: 21/27
 32838 | Swamp:4  | Reached skill level 20 in Fighting
 32984 | Swamp:4  | Got a decaying rune of Zot
 33593 | Spider:1 | Entered Level 1 of the Spider Nest
 33712 | Spider:1 | Got a bronze leather armour
 33778 | Spider:1 | Got a warped pewter ring
 33779 | Spider:1 | Identified the ring of the Middle {rCorr Int+2} (You found it on level 1 of the Spider Nest)
 33946 | Spider:1 | Noticed Roxanne
 33969 | Spider:1 | Noticed Frances
 33978 | Spider:1 | Killed Frances
 34647 | Spider:2 | Reached skill level 16 in Invocations
 34772 | Spider:2 | Reached skill level 12 in Long Blades
 34806 | Spider:2 | Reached skill level 11 in Armour
 36156 | Spider:3 | Reached skill level 12 in Dodging
 36720 | Spider:4 | Entered Level 4 of the Spider Nest
 37173 | Spider:4 | Reached skill level 12 in Armour
 37175 | Spider:4 | Reached XP level 18. HP: 149/162 MP: 29/29
 37204 | Spider:4 | Reached skill level 13 in Long Blades
 37372 | Spider:4 | Reached skill level 21 in Fighting
 37455 | Spider:4 | Got a gossamer rune of Zot
 38259 | Vaults:1 | Entered Level 1 of the Vaults
 38307 | Vaults:1 | Found Bohieb's Jewellery Emporium.
 38678 | Vaults:1 | Reached skill level 13 in Dodging
 38687 | Vaults:1 | Noticed a lich
 38687 | Vaults:1 | Noticed Nikola
 38815 | Vaults:1 | Killed Nikola
 38818 | Vaults:1 | Reached skill level 13 in Armour
 39076 | Vaults:1 | Found Pagg's Weapon Emporium.
 39461 | Vaults:1 | Got a faintly glowing falchion {freeze}
 39462 | Vaults:1 | Identified the cursed +3 falchion of Oenomania {freeze, rPois Dex+6} (You took it off a centaur warrior on level 1 of the Vaults)
 39664 | Vaults:1 | Killed a lich
 39739 | Vaults:2 | Reached skill level 14 in Long Blades
 40031 | Vaults:2 | Reached skill level 1 in Evocations
 40250 | Vaults:2 | Reached skill level 2 in Evocations
 40709 | Vaults:2 | Reached XP level 19. HP: 171/171 MP: 30/30
 40721 | Vaults:2 | Reached skill level 3 in Evocations
 40832 | Vaults:2 | Reached skill level 14 in Armour
 40840 | Vaults:2 | Reached skill level 14 in Dodging
 41230 | Vaults:3 | Reached skill level 4 in Evocations
 41265 | Vaults:3 | Reached skill level 22 in Fighting
 41345 | Vaults:3 | Found a staircase to the Crypt.
 42365 | Vaults:3 | Got a pair of heavily runed boots
 42378 | Vaults:3 | Identified the +4 pair of boots "Don Sudo" {Dex+6} (You found it on level 3 of the Vaults)
 42725 | Vaults:4 | Reached skill level 5 in Evocations
 42940 | Vaults:4 | Noticed Xtahua
 43008 | Vaults:4 | HP: 33/172 [fire giant/bolt of fire (32)]
 43014 | Vaults:4 | HP: 23/172 [fire giant/bolt of fire (12)]
 43061 | Vaults:4 | Reached skill level 15 in Armour
 43065 | Vaults:4 | HP: 38/173 [cyan ugly thing (14)]
 43081 | Vaults:4 | Reached skill level 6 in Evocations
 43108 | Vaults:4 | HP: 31/173 [deep elf mage/bolt of lightning[an ironheart preserver] (15)]
 43115 | Vaults:4 | HP: 12/173 [deep elf archer/uncursed short sword[an ironheart preserver] (11)]
 43123 | Vaults:4 | HP: 43/173 [flayed ghost/flay_damage (20)]
 43148 | Vaults:4 | Reached skill level 15 in Dodging
 43644 | Vaults:4 | Reached XP level 20. HP: 168/181 MP: 31/31
 43662 | Vaults:4 | Cast into level 2 of the Abyss (a deep elf demonologist)
 43896 | Abyss:2  | Gained mutation: You are weak. (Str -2) [a cacodemon]
 44211 | Vaults:4 | Escaped the Abyss
 44225 | Vaults:4 | Reached skill level 7 in Evocations
 44226 | Vaults:4 | HP: 38/181 [fire dragon/blast of flame (14)]
 44235 | Vaults:4 | HP: 28/181 [yaktaur captain (6)]
 44241 | Vaults:4 | HP: 23/181 [yaktaur captain (6)]
 44619 | Vaults:4 | Paralysed by Xtahua for 3 turns
 44625 | Vaults:4 | Killed Xtahua
 45200 | Vaults:4 | Identified Xoydaecs's Compendium of the Shifting Rocks
 45358 | Vaults:4 | Reached skill level 16 in Armour
 45393 | Vaults:4 | Reached skill level 23 in Fighting
 45393 | Vaults:4 | Reached skill level 8 in Evocations
 45407 | Vaults:4 | HP: 44/182 [yaktaur captain (5)]
 45420 | Vaults:4 | HP: 45/182 [ironheart preserver/dire flail (2)]
 45801 | Vaults:4 | Reached skill level 16 in Dodging
 47107 | Depths:1 | Entered Level 1 of the Depths
 47402 | Depths:1 | Reached XP level 21. HP: 171/189 MP: 32/32
 47447 | Depths:1 | Reached skill level 9 in Evocations
 47765 | Depths:1 | Found a huge runed gate.
 47765 | Depths:1 | Found a huge runed gate.
 47765 | Depths:1 | Found a huge runed gate.
 47766 | Depths:1 | Found a huge runed gate.
 47766 | Depths:1 | Found a huge runed gate.
 47767 | Depths:1 | Found a huge runed gate.
 47767 | Depths:1 | Found a huge runed gate.
 47767 | Depths:1 | Found a huge runed gate.
 47780 | Depths:1 | Found a huge runed gate.
 47780 | Depths:1 | Found a huge runed gate.
 47780 | Depths:1 | Found a huge runed gate.
 47780 | Depths:1 | Found a huge runed gate.
 47843 | Depths:1 | Found a huge runed gate.
 47843 | Depths:1 | Found a huge runed gate.
 47879 | Depths:1 | Reached skill level 17 in Armour
 47922 | Depths:1 | Found a huge runed gate.
 47923 | Depths:1 | Found a huge runed gate.
 47924 | Depths:1 | Found a huge runed gate.
 47924 | Depths:1 | Found a huge runed gate.
 47925 | Depths:1 | Found a huge runed gate.
 47925 | Depths:1 | Found a huge runed gate.
 47925 | Depths:1 | Found a huge runed gate.
 47925 | Depths:1 | Found a huge runed gate.
 47925 | Depths:1 | Found a huge runed gate.
 47926 | Depths:1 | Found a huge runed gate.
 47934 | Depths:1 | Found a huge runed gate.
 47976 | Depths:1 | Found a huge runed gate.
 47976 | Depths:1 | Found a huge runed gate.
 47976 | Depths:1 | Found a huge runed gate.
 48199 | Depths:1 | Found a gateway to Hell.
 48516 | Depths:1 | Found a deep blue altar of Sif Muna.
 48705 | Depths:1 | Noticed a caustic shrike
 48714 | Depths:1 | Killed a caustic shrike
 48739 | Depths:1 | HP: 33/191 [cyan very ugly thing (18)]
 48748 | Depths:1 | HP: 9/191 [ice dragon/blast of cold (26)]
 49265 | Depths:2 | Found a deep blue altar of Sif Muna.
 49277 | Depths:2 | Found a shattered altar of Ashenzari.
 49308 | Depths:2 | Found a shadowy altar of Dithmenos.
 49308 | Depths:2 | Found a shattered altar of Ashenzari.
 49445 | Depths:2 | Found a gateway to a ziggurat.
 49597 | Depths:2 | Reached skill level 17 in Dodging
 49619 | Depths:2 | Got a bloodstained lajatang {drain}
 49793 | Depths:2 | Got a blackened hand axe
 50020 | Depths:2 | Reached skill level 24 in Fighting
 50327 | Depths:2 | Got a distressingly furry chain mail
 50473 | Depths:2 | Reached skill level 18 in Armour
 50737 | Depths:2 | Got a fine scale mail
 50738 | Depths:2 | Identified the +7 chain mail of Spite {*Slow rC++ Slay+3 SInv} (You took it off a tengu warrior on level 2 of the Depths)
 50740 | Depths:2 | Identified the cursed +0 scale mail of Fedhas's Reproof {Int+2 Slay+5} (You found it on level 2 of the Depths)
 50945 | Depths:2 | Paralysed by a floating eye for 4 turns
 50962 | Depths:2 | Reached XP level 22. HP: 199/200 MP: 24/33
 51439 | Depths:3 | Paralysed by a great orb of eyes for 3 turns
 51857 | Depths:3 | Noticed Bai Suzhen
 51866 | Depths:3 | Killed Bai Suzhen
 51953 | Depths:3 | Reached skill level 18 in Dodging
 52367 | Depths:3 | Noticed Margery
 52374 | Depths:3 | Killed Margery
 52556 | Depths:3 | Got a pair of jewelled boots
 52557 | Depths:3 | Identified the +1 pair of boots of Fidwiv {rCorr Int-2 SInv} (You found it on level 3 of the Depths)
 52662 | Depths:3 | Found a portal to a secret trove of treasure.
 52760 | Depths:3 | You paid a toll of 4 potions of resistance to enter a treasure trove
 52761 | Trove    | Entered a treasure trove
 52769 | Trove    | Got a pair of scorched boots
 52771 | Trove    | Got a slimy demon blade
 52772 | Trove    | Identified the +9 demon blade of Grace {drain, rN+} (You found it in a treasure trove)
 52779 | Trove    | Got a steaming amber ring
 52780 | Trove    | Identified the +0 pair of boots of the Orb Guardian {-Cast Str+7} (You found it in a treasure trove)
 52782 | Trove    | Identified the ring of Freedom {rC+ Int+7} (You found it in a treasure trove)
 52785 | Trove    | Got a translucent hat
 52791 | Trove    | Identified the +0 hat of Ixzeh {+Blink rN+} (You found it in a treasure trove)
 52796 | Trove    | Got a pitted steel ring
 52809 | Trove    | Got a translucent bone amulet
 52812 | Trove    | Identified the amulet of Momootim {Inacc rElec rF+ Dex+6} (You found it in a treasure trove)
 52819 | Trove    | Identified the ring "Elirobatyecw" {rC+ Str+4} (You found it in a treasure trove)
 52888 | Depths:3 | Reached skill level 15 in Long Blades
 53497 | Depths:4 | Reached skill level 19 in Armour
 53801 | Depths:4 | Found a one-way gate to the infinite horrors of the Abyss.
 53810 | Depths:4 | Found Hesh's Food Shoppe.
 53852 | Depths:4 | Found Awipt's Distillery.
 53853 | Depths:4 | Found Alumemiz's Magic Scroll Shoppe.
 53854 | Depths:4 | Found Rupheigos's Assorted Antiques.
 53918 | Depths:4 | Found Piuvukace's Jewellery Shop.
 54118 | Depths:4 | Bought a potion of haste for 140 gold pieces
 54118 | Depths:4 | Bought a potion of heal wounds for 70 gold pieces
 54118 | Depths:4 | Bought a potion of might for 56 gold pieces
 54118 | Depths:4 | Bought a potion of mutation for 112 gold pieces
 54565 | Depths:4 | Got a slimy buckler
 54767 | Depths:5 | Entered Level 5 of the Depths
 55001 | Depths:5 | Reached XP level 23. HP: 208/208 MP: 34/34
 55024 | Depths:5 | Reached skill level 25 in Fighting
 55283 | Depths:5 | Got a slimy short sword
 55378 | Depths:5 | Found a gate to the Realm of Zot.
 55380 | Depths:5 | Reached skill level 16 in Long Blades
 55421 | Depths:5 | Reached skill level 19 in Dodging
 55911 | Depths:5 | Noticed a caustic shrike
 55911 | Depths:5 | Noticed a caustic shrike
 55912 | Depths:5 | Noticed a caustic shrike
 55914 | Depths:5 | Noticed a caustic shrike
 55918 | Depths:5 | Noticed a caustic shrike
 55919 | Depths:5 | Killed a caustic shrike
 55921 | Depths:5 | Killed a caustic shrike
 55923 | Depths:5 | Killed a caustic shrike
 55923 | Depths:5 | Reached skill level 20 in Armour
 55931 | Depths:5 | Killed a caustic shrike
 55940 | Depths:5 | Killed a caustic shrike
 56504 | Depths:5 | Found Ygixzam's Jewellery Emporium.
 56504 | Depths:5 | Found Yquts's Gadget Shop.
 56505 | Depths:5 | Found Nirphes's Jewellery Emporium.
 56512 | Depths:5 | Bought a wand of acid (4) for 192 gold pieces
 56866 | Vaults:5 | Entered Level 5 of the Vaults
 57323 | Vaults:5 | Noticed an ancient lich
 57341 | Vaults:5 | Killed an ancient lich
 57385 | Vaults:5 | HP: 49/212 [sphinx/divine providence (15)]
 57390 | Vaults:5 | HP: 24/212 [sphinx/divine providence (9)]
 57842 | Vaults:5 | Got a fine plate armour
 57843 | Vaults:5 | Identified the cursed +0 plate armour "Irphaim" {+Blink rCorr Str-2 Int+3} (You found it on level 5 of the Vaults)
 57938 | Vaults:5 | Reached skill level 20 in Dodging
 57951 | Vaults:5 | Reached XP level 24. HP: 190/220 MP: 34/34
 57978 | Vaults:5 | Reached skill level 26 in Fighting
 58175 | Vaults:5 | Got an uncursed slimy short sword {freeze}
 58273 | Vaults:5 | Reached skill level 21 in Armour
 58287 | Vaults:5 | Killed an ancient lich
 58617 | Vaults:5 | Got a faintly glowing silver amulet
 58618 | Vaults:5 | Identified the amulet of Yredelemnul's Esteem {+Rage rN+ Str+2 Int+2} (You found it on level 5 of the Vaults)
 59139 | Vaults:5 | Got a silver rune of Zot
 59536 | Vaults:5 | Got a scorched leather armour
 59757 | Vaults:5 | Upgraded the game from 0.22-a0-271-gc000056 to 0.22-a0-274-gf8199ec
 60432 | Depths:5 | Bought an uncursed ring of protection from magic for 450 gold pieces
 60710 | Elf:1    | Entered Level 1 of the Elven Halls
 60929 | Elf:1    | Found Waatodef's Book Emporium.
 61922 | Elf:2    | Reached skill level 21 in Dodging
 61942 | Elf:2    | Got a brightly glowing leather armour
 62035 | Elf:2    | Reached skill level 22 in Armour
 62056 | Elf:2    | Noticed grandjackal's ghost (adept DsGl)
 62074 | Elf:2    | Killed grandjackal's ghost
 62079 | Elf:2    | Found a runed gate.
 62079 | Elf:2    | Found a runed gate.
 62079 | Elf:2    | Found a runed gate.
 62765 | Elf:3    | Entered Level 3 of the Elven Halls
 63416 | Elf:3    | Reached XP level 25. HP: 128/229 MP: 34/34
 63417 | Elf:3    | Reached skill level 27 in Fighting
 63422 | Elf:3    | HP: 54/231 [???[a deep elf demonologist] (42)]
 63434 | Elf:3    | HP: 11/231 [deep elf annihilator/iron shot (48)]
 64319 | Zot:1    | Entered Level 1 of the Realm of Zot
 64352 | Zot:1    | Noticed an orb of fire
 64356 | Zot:1    | Gained mutation: You are frail. (-10% HP) [an orb of fire]
 64357 | Zot:1    | Gained mutation: Scrolls take you a little longer to read. [an orb of fire]
 64366 | Zot:1    | Killed an orb of fire
 64373 | Zot:1    | Lost mutation: You are weak. (Str -2) [potion of mutation]
 64373 | Zot:1    | Lost mutation: You are frail. (-10% HP) [potion of mutation]
 64373 | Zot:1    | Lost mutation: Scrolls take you a little longer to read. [potion of mutation]
 64373 | Zot:1    | Gained mutation: You are weak. (Str -2) [potion of mutation]
 64373 | Zot:1    | Gained mutation: You are partially covered in yellow scales. (AC +2) [potion of mutation]
 64373 | Zot:1    | Gained mutation: You have sharp fingernails. [potion of mutation]
 64666 | Zot:1    | Got a polished flail {crush}
 65123 | Zot:1    | Reached skill level 23 in Armour
 65248 | Zot:1    | Reached skill level 22 in Dodging
 66444 | Zot:2    | Reached skill level 24 in Armour
 66557 | Zot:2    | Reached skill level 23 in Dodging
 67012 | Zot:3    | Noticed an orb of fire
 67177 | Zot:3    | Reached XP level 26. HP: 239/239 MP: 34/34
 67706 | Zot:3    | Gained mutation: Scrolls take you a little longer to read. [an orb of fire]
 67712 | Zot:3    | Gained mutation: You occasionally shout uncontrollably at your foes. [an orb of fire]
 67716 | Zot:3    | Killed an orb of fire
 68059 | Zot:2    | Lost mutation: You occasionally shout uncontrollably at your foes. [potion of mutation]
 68059 | Zot:2    | Lost mutation: Scrolls take you a little longer to read. [potion of mutation]
 68059 | Zot:2    | Lost mutation: You are weak. (Str -2) [potion of mutation]
 68059 | Zot:2    | Lost mutation: You have sharp fingernails. [potion of mutation]
 68059 | Zot:2    | Lost mutation: You are partially covered in yellow scales. (AC +2) [potion of mutation]
 68059 | Zot:2    | Gained mutation: You have sharp toenails. [potion of mutation]
 68059 | Zot:2    | Gained mutation: You are partially covered in icy blue scales. (AC +2) [potion of mutation]
 68077 | Zot:3    | Reached skill level 25 in Armour
 68653 | Zot:3    | HP: 45/239 [??? (34)]
 69085 | Zot:3    | HP: 48/239 [??? (36)]
 69655 | Zot:3    | Reached skill level 24 in Dodging
 70214 | Zot:3    | Paralysed by you for 3 turns
 70240 | Zot:3    | Identified the Guide on Dark Magic
 70243 | Zot:3    | Got a shimmering falchion
 70584 | Zot:3    | Identified the cursed +1 falchion of Inniath {elec, MR++ Str-5 Dex+7} (You found it on level 3 of the Realm of Zot)
 70831 | Zot:4    | Noticed an orb of fire
 70831 | Zot:4    | Gained mutation: You are dopey. (Int -2) [an orb of fire]
 70843 | Zot:4    | Gained mutation: You are occasionally teleported next to monsters. [an orb of fire]
 70845 | Zot:4    | Gained mutation: Scrolls take you a little longer to read. [an orb of fire]
 70850 | Zot:4    | Killed an orb of fire
 70850 | Zot:4    | Reached skill level 17 in Long Blades
 70863 | Zot:4    | Got a polished broad axe
 70868 | Zot:4    | Lost mutation: You are partially covered in icy blue scales. (AC +2) [potion of mutation]
 70868 | Zot:4    | Lost mutation: You have sharp toenails. [potion of mutation]
 70868 | Zot:4    | Gained mutation: Scrolls take you longer to read. [potion of mutation]
 70868 | Zot:4    | Gained mutation: You expend magic power (3 MP) to strengthen your wands. [potion of mutation]
 70868 | Zot:4    | Gained mutation: You are somewhat resistant to further mutation. [potion of mutation]
 70869 | Zot:4    | Lost mutation: You are somewhat resistant to further mutation. [potion of mutation]
 70869 | Zot:4    | Lost mutation: Scrolls take you longer to read. [potion of mutation]
 70869 | Zot:4    | Lost mutation: You are occasionally teleported next to monsters. [potion of mutation]
 70869 | Zot:4    | Gained mutation: You are very dopey. (Int -4) [potion of mutation]
 70869 | Zot:4    | Gained mutation: You are agile. (Dex +2) [potion of mutation]
 71771 | Zot:5    | Entered Level 5 of the Realm of Zot
 72264 | Zot:5    | Reached XP level 27. HP: 221/245 MP: 34/34
 72265 | Zot:5    | Noticed an orb of fire
 72270 | Zot:5    | Gained mutation: You are frail. (-10% HP) [an orb of fire]
 72275 | Zot:5    | Gained mutation: You occasionally shout uncontrollably at your foes. [an orb of fire]
 72280 | Zot:5    | Gained mutation: You are weak. (Str -2) [an orb of fire]
 72281 | Zot:5    | Gained mutation: Your magical capacity is low. (-10% MP) [an orb of fire]
 72282 | Zot:5    | Noticed an ancient lich
 72282 | Zot:5    | Noticed an ancient lich
 72284 | Zot:5    | Gained mutation: You are very frail. (-20% HP) [an orb of fire]
 72288 | Zot:5    | Gained mutation: Your body sometimes deteriorates upon taking damage. [an orb of fire]
 72289 | Zot:5    | Gained mutation: You are extremely frail. (-30% HP) [an orb of fire]
 72290 | Zot:5    | Killed an orb of fire
 72302 | Zot:5    | HP: 31/163 [Orb Guardian (24)]
 72304 | Zot:5    | Killed from afar by an ancient lich

Vault maps used:
D:1:      mrwooster_arrival_statue, roderic_roman_lattice
D:3:      lemuel_coloured_pillars_altar, lemuel_doored_altar,
          kb_xom_exploding_sheep, nicolae_ashenzari_panopticon,
          gup_sewer_entry_spiral, first_ration, uniq_jessica, uniq_terence
D:4:      kennysheep_mini, minmay_temple_entry_junction
D:5:      basic_altar, uniq_ijyb
D:6:      vehumet_statue, lemuel_round_altar, grunt_temple_overflow_open,
          minmay_gold_behind_fungi, uniq_grinder
D:7:      minmay_cornered_nines, kennysheep_mini_moat, grunt_livestock,
          nicolae_elemental_shop, uniq_menkaure
D:8:      lemuel_crystal_altar, gammafunk_temple_overflow_elements,
          nicolae_ossuary_entry_ruins
D:9:      minivault_15
D:10:     hangedman_decor_opposing
D:11:     minmay_lair_entry_lava, david_orc_5, serial_shops, shop
D:12:     fedhas_altar_2
D:13:     spider_trap, uniq_erolcha
D:14:     lightli_vaults_fourway_checkpoint, serial_park_tiny_pond, uniq_nessos,
          uniq_azrael, uniq_snorg, uniq_louise
D:15:     gammafunk_depths_entry_grave, serial_shops, nicolae_shop_stone,
          minmay_misc_feat_four_crosses
Lair:1:   basic_altar
Lair:2:   nicolae_swamp_entry_splash_gauntlet, uniq_nergalle
Lair:3:   serial_bayou_ford_a
Lair:4:   dummy_spider_entry, serial_bayou_shore_b, serial_bayou_shore_a,
          lemuel_fruit_fields, grunt_megastairs_3
Lair:5:   minmay_slime_entry_oklob_enclosed, nicolae_volcano_entry_s_turn
Lair:6:   due_jungle_book, lemuel_fruit_fields
Swamp:1:  evilmike_swamp_ruin_house_6, swamp_pool1
Swamp:2:  evilmike_swamp_ruin_house_2
Swamp:3:  evilmike_swamp_ruin_house_1
Swamp:4:  swamp, swamp_pool3
Spider:1: uniq_frances, uniq_roxanne
Spider:3: nicolae_spider_nook
Spider:4: grunt_spider_rune_parallel
Orc:2:    pf_orc_diabolical, uniq_sonja, uniq_saint_roka
Elf:1:    minmay_elf_arrival_plus, serial_shops, nicolae_shop_window_shopping,
          hangedman_elven_crosses_minicolossus, st_stairs_3, minmay_crystal_room
Elf:3:    grunt_elf_hall_asides
Vaults:1: nicolae_vaults_little_squares_3, v_pattern_4, ontoclasm_vaults_tryst,
          st_cross, hangedman_vaults_slice, hangedman_vaults_corner,
          vaults_dpeg_cross, vaults_room_large_hall, vaults_mumra_lcd,
          ontoclasm_vaults_twist, grunt_vaults_focal, serial_shops, shop,
          shop_fountains, uniq_nikola
Vaults:2: nicolae_vaults_stairing_the_circle,
          hangedman_vaults_stretched_pinwheel, grunt_vaults_swirl,
          vaults_dpeg_encased_lava, ontoclasm_vaults_shuriken, v_pattern_1,
          hangedman_vaults_nails, vaults_standard_mumra_enter_the_diamond,
          hangedman_vaults_restitches, vaults_room_grid
Vaults:3: nicolae_vaults_murderbox, nicolae_vaults_shelves_hall,
          hangedman_vaults_pinch, minmay_crypt_entry_simple_box, v_misc_2,
          vaults_room_large_hall, nicolae_vaults_angled_halls,
          nicolae_vaults_rhombus_5, vaults_room_stairs_pillars,
          nicolae_vaults_alarming
Vaults:4: ontoclasm_vaults_hangar, v_pattern_3, ontoclasm_vaults_bender,
          v_misc_22, ontoclasm_vaults_fault, st_greater_box_3,
          nicolae_vaults_network_square, vaults_mumra_minichess_inversion,
          nicolae_vaults_circle_grid_b, v_misc_13, hangedman_vaults_maws,
          vaults_room_corners, v_misc_16, nicolae_vaults_three_branches,
          vaults_room_pool, ontoclasm_vaults_loading_screen,
          nicolae_vaults_theta, uniq_xtahua
Depths:1: grunt_hell_entry_dis_mu, infiniplex_enter_wizlab_water, pan_entry,
          kennysheep_flooded_box, dk_noncrumbling_2, door_vault,
          serial_bayou_shore_b
Depths:2: minmay_the_grid_octo_tiled_octocenter, enter_ziggurat_c,
          pf_vacation_house_of_asmodeus, kennysheep_nondecorative_pillar,
          basic_stair_grate_trap, infiniplex_staircase_zigzag_5
Depths:3: minmay_ambush_box, hellmouth_3, serial_co_window_serial,
          co_window_paths_a, co_window_paths_a, co_window_corner_a,
          co_window_of_opportunity_a, co_window_cross_1, co_window_corner_a,
          co_window_of_opportunity_a, co_window_paths_c, co_window_corner_ca,
          co_window_unsneaky_path_d, co_window_4corner_a, glass_columns_a,
          enter_trove_5, pan_entry, minmay_liquid_box, spider_trap,
          uniq_bai_suzhen, uniq_margery
Depths:4: kennysheep_scales, pf_coc_iceberg, serial_shops, shop,
          nicolae_shop_overgrown_old_shop, nicolae_shop_statue_plus,
          shop_scrolls, shop, solitary_fountain, abyss_entry,
          minmay_misc_feat_more_columns, serial_bayou_shore_b
Depths:5: grunt_crosshair, serial_sigils, serial_sigils_hangedman_shear,
          serial_sigils_hangedman_snap, serial_sigils_hangedman_scar,
          serial_sigils_hangedman_stare, lightli_too_deep, minmay_shop_grove,
          serial_bayou_shore_b
Zot:1:    grunt_ministairs_12, lemuel_flame_loot_1
Zot:3:    gammafunk_mikee_crab_dinner, grunt_megastairs_2
Zot:5:    grunt_ministairs_13
Abyss:2:  evilmike_abyss_exit_15
Trove:    trove_simple
Sewer:    sewer_minmay_w
Ossuary:  ossuary_tomb_3
Volcano:  volcano_pools

Skill      XL: |  1  2  3  4  5  6  7  8  9 10 11 12 13 14 15 16 17 18 19 20 21 22 23 24 25 26 |
---------------+-------------------------------------------------------------------------------+-----
Long Blades    | 3 4 5 6 7 9 11 12 14 15 16 17 | 17.8
Fighting       | 4 5 6 7 9 10 11 12 14 15 17 18 19 20 21 22 23 24 25 26 27 | 27.0
Armour         | 4 7 9 10 12 13 15 16 18 19 20 22 24 25 | 25.9
Shields        | 4 7 9 10 12 14 15 | 15.0
Invocations    | 4 6 9 10 12 14 15 16 | 16.0
Dodging        | 6 9 11 12 13 15 16 17 18 20 21 23 24 | 24.5
Evocations     | 2 6 8 9 |  9.6

Action                   |  1- 3 |  4- 6 |  7- 9 | 10-12 | 13-15 | 16-18 | 19-21 | 22-24 | 25-27 || total
-------------------------+-------+-------+-------+-------+-------+-------+-------+-------+-------++-------
Melee: Long sword        |    67 |   163 |   309 |   492 |   376 |       |       |       |       ||  1407
       Headbutt          |     7 |    28 |    84 |   145 |   466 |   487 |   515 |   527 |   420 ||  2679
       Scimitar          |       |       |       |    99 |   958 |   328 |       |       |       ||  1385
       Katana            |       |       |       |       |       |  1045 |  1354 |       |       ||  2399
       Double sword      |       |       |       |       |       |       |     9 |  1269 |   982 ||  2260
Invok: Ancestor Life: He |       |       |     1 |       |       |       |       |       |       ||     1
       Recall Ancestor   |       |       |     1 |     1 |     4 |     4 |     8 |     8 |       ||    26
       Ancestor Identity |       |       |     1 |       |       |       |       |       |       ||     1
       Transference      |       |       |       |     1 |     9 |     9 |     1 |     8 |     2 ||    30
       Idealise          |       |       |       |     1 |     3 |     7 |     3 |    11 |     9 ||    34
 Abil: Evoke Blink       |       |       |       |       |       |       |       |     1 |     6 ||     7
Evoke: Wand              |       |       |     2 |    15 |    17 |     6 |     4 |       |     4 ||    48
       Lightning rod     |       |       |       |     1 |       |       |       |       |       ||     1
       Sack of spiders   |       |       |       |       |       |       |       |     1 |     1 ||     2
       Lamp of fire      |       |       |       |       |       |       |       |       |     1 ||     1
  Use: Potion            |       |     4 |     1 |     3 |     3 |     1 |    13 |     4 |     6 ||    35
       Scroll            |       |       |    16 |    14 |    10 |    10 |    17 |    17 |     7 ||    91
 Stab: Invisible         |       |     1 |       |     2 |       |       |       |       |       ||     3
       Distracted        |       |       |     5 |    12 |    25 |    13 |    12 |    13 |    13 ||    93
       Confused          |       |       |     2 |     4 |    15 |     7 |    49 |    36 |    46 ||   159
       Petrified         |       |       |       |       |     4 |       |       |       |       ||     4
       Paralysed         |       |       |       |       |    20 |    33 |    35 |    34 |    45 ||   167
       Petrifying        |       |       |       |       |       |       |       |       |     2 ||     2
  Eat: Chunk             |     2 |     7 |     6 |    13 |    31 |    21 |     9 |    17 |    11 ||   117
       Ration            |       |       |     4 |     3 |     4 |     5 |     7 |     7 |     6 ||    36
Armor: Scale mail        |    28 |    99 |       |       |       |       |       |       |       ||   127
       Chain mail        |       |       |   108 |   313 |   398 |   355 |   199 |    87 |       ||  1460
       Quicksilver drago |       |       |       |       |       |       |       |    87 |     2 ||    89
       Gold dragon scale |       |       |       |       |       |       |       |    44 |   265 ||   309
Dodge: Dodged            |    15 |    71 |    66 |   142 |   696 |   784 |   535 |   642 |   429 ||  3380
Block: Shield            |    34 |   128 |     2 |   346 |   911 |   825 |   546 |   826 |   529 ||  4147
       Buckler           |       |       |    55 |       |       |       |       |       |       ||    55
       Reflection        |       |       |       |       |       |       |       |    33 |     6 ||    39
       Rpst.: Long sword |     2 |    24 |    21 |    28 |    45 |       |       |       |       ||   120
       Scimitar          |       |       |       |     8 |    95 |    58 |       |       |       ||   161
       Katana            |       |       |       |       |       |    88 |    88 |       |       ||   176
       Double sword      |       |       |       |       |       |       |     1 |    86 |    47 ||   134

Table legend:
 A = Spawn XP
 B = Non-spawn XP
 C = Spawn XP percentage of total XP
 D = Spawn monster count
 E = Non-spawn monster count
 F = Spawn count percentage of total count
 G = Total turns spent on level
                    A         B        C        D         E        F      G
               +---------+---------+-------+---------+---------+-------+---------
         Total |    4823 | 1502457 |   0.3 |      15 |    2283 |   0.7 | 72304
               +---------+---------+-------+---------+---------+-------+---------
           D:1 |       0 |      36 |   0.0 |       0 |      12 |   0.0 |   732
           D:2 |       0 |      55 |   0.0 |       0 |      12 |   0.0 |   675
           D:3 |       0 |     284 |   0.0 |       0 |      30 |   0.0 |  1323
           D:4 |       0 |     433 |   0.0 |       0 |      19 |   0.0 |  1181
           D:5 |       0 |     386 |   0.0 |       0 |      15 |   0.0 |  1344
           D:6 |       0 |    1130 |   0.0 |       0 |      30 |   0.0 |   778
           D:7 |       0 |    2045 |   0.0 |       0 |      22 |   0.0 |  1454
           D:8 |       0 |     674 |   0.0 |       0 |      16 |   0.0 |   899
           D:9 |       0 |    1897 |   0.0 |       0 |      25 |   0.0 |   625
          D:10 |       0 |    1595 |   0.0 |       0 |      12 |   0.0 |   579
          D:11 |       0 |    3446 |   0.0 |       0 |      41 |   0.0 |  1280
          D:12 |       0 |    8907 |   0.0 |       0 |      39 |   0.0 |  1213
          D:13 |       0 |    6661 |   0.0 |       0 |      30 |   0.0 |   884
          D:14 |       0 |   25583 |   0.0 |       0 |      81 |   0.0 |  1535
          D:15 |       0 |   13658 |   0.0 |       0 |      37 |   0.0 |  1691
        Lair:1 |       0 |    4115 |   0.0 |       0 |      22 |   0.0 |  1727
        Lair:2 |       0 |    7597 |   0.0 |       0 |      26 |   0.0 |  1167
        Lair:3 |       0 |    5584 |   0.0 |       0 |      19 |   0.0 |   730
        Lair:4 |       0 |    7292 |   0.0 |       0 |      25 |   0.0 |  1512
        Lair:5 |       0 |    9110 |   0.0 |       0 |      30 |   0.0 |  1115
        Lair:6 |       0 |   14694 |   0.0 |       0 |      40 |   0.0 |  2064
       Swamp:1 |       0 |   14991 |   0.0 |       0 |      31 |   0.0 |   844
       Swamp:2 |       0 |   14479 |   0.0 |       0 |      36 |   0.0 |   947
       Swamp:3 |       0 |   13580 |   0.0 |       0 |      32 |   0.0 |  1209
       Swamp:4 |       0 |   34580 |   0.0 |       0 |      74 |   0.0 |  1464
      Spider:1 |       0 |   16709 |   0.0 |       0 |      47 |   0.0 |   927
      Spider:2 |       0 |   13885 |   0.0 |       0 |      29 |   0.0 |  1152
      Spider:3 |       0 |   20779 |   0.0 |       0 |      43 |   0.0 |  1086
      Spider:4 |       0 |   30069 |   0.0 |       0 |      69 |   0.0 |  1344
         Orc:1 |       0 |    6739 |   0.0 |       0 |      19 |   0.0 |   864
         Orc:2 |       0 |   23493 |   0.0 |       0 |     104 |   0.0 |  2760
         Elf:1 |       0 |   23520 |   0.0 |       0 |      41 |   0.0 |  1172
         Elf:2 |       0 |   36063 |   0.0 |       0 |      48 |   0.0 |   954
         Elf:3 |       0 |   17891 |   0.0 |       0 |      25 |   0.0 |  1138
      Vaults:1 |       0 |   34944 |   0.0 |       0 |      48 |   0.0 |  1558
      Vaults:2 |       0 |   53593 |   0.0 |       0 |      81 |   0.0 |  1441
      Vaults:3 |       0 |   27514 |   0.0 |       0 |      39 |   0.0 |  1739
      Vaults:4 |       0 |  162838 |   0.0 |       0 |     193 |   0.0 |  4637
      Vaults:5 |       0 |  131986 |   0.0 |       0 |      94 |   0.0 |  2099
      Depths:1 |       0 |   70600 |   0.0 |       0 |      72 |   0.0 |  2380
      Depths:2 |       0 |   82091 |   0.0 |       0 |      86 |   0.0 |  2443
      Depths:3 |       0 |   63755 |   0.0 |       0 |      81 |   0.0 |  1871
      Depths:4 |       0 |   51407 |   0.0 |       0 |      68 |   0.0 |  1377
      Depths:5 |       0 |   77019 |   0.0 |       0 |      57 |   0.0 |  1888
         Zot:1 |       0 |   68803 |   0.0 |       0 |      38 |   0.0 |  1534
         Zot:2 |       0 |   88962 |   0.0 |       0 |      59 |   0.0 |  1668
         Zot:3 |       0 |  113247 |   0.0 |       0 |      64 |   0.0 |  3157
         Zot:4 |       0 |   53646 |   0.0 |       0 |      30 |   0.0 |  1341
         Zot:5 |       0 |   30970 |   0.0 |       0 |      10 |   0.0 |   285
       Abyss:2 |    4823 |    6920 |  41.1 |      15 |      16 |  48.4 |   549
         Sewer |       0 |     371 |   0.0 |       0 |      48 |   0.0 |  1416
       Ossuary |       0 |     159 |   0.0 |       0 |      16 |   0.0 |   256
       Volcano |       0 |    1672 |   0.0 |       0 |       2 |   0.0 |   227
               +---------+---------+-------+---------+---------+-------+---------

Vault maps used:
D:1:      mrwooster_arrival_statue, roderic_roman_lattice
D:3:      lemuel_coloured_pillars_altar, lemuel_doored_altar,
          kb_xom_exploding_sheep, nicolae_ashenzari_panopticon,
          gup_sewer_entry_spiral, first_ration, uniq_jessica, uniq_terence
D:4:      kennysheep_mini, minmay_temple_entry_junction
D:5:      basic_altar, uniq_ijyb
D:6:      vehumet_statue, lemuel_round_altar, grunt_temple_overflow_open,
          minmay_gold_behind_fungi, uniq_grinder
D:7:      minmay_cornered_nines, kennysheep_mini_moat, grunt_livestock,
          nicolae_elemental_shop, uniq_menkaure
D:8:      lemuel_crystal_altar, gammafunk_temple_overflow_elements,
          nicolae_ossuary_entry_ruins
D:9:      minivault_15
D:10:     hangedman_decor_opposing
D:11:     minmay_lair_entry_lava, david_orc_5, serial_shops, shop
D:12:     fedhas_altar_2
D:13:     spider_trap, uniq_erolcha
D:14:     lightli_vaults_fourway_checkpoint, serial_park_tiny_pond, uniq_nessos,
          uniq_azrael, uniq_snorg, uniq_louise
D:15:     gammafunk_depths_entry_grave, serial_shops, nicolae_shop_stone,
          minmay_misc_feat_four_crosses
Lair:1:   basic_altar
Lair:2:   nicolae_swamp_entry_splash_gauntlet, uniq_nergalle
Lair:3:   serial_bayou_ford_a
Lair:4:   dummy_spider_entry, serial_bayou_shore_b, serial_bayou_shore_a,
          lemuel_fruit_fields, grunt_megastairs_3
Lair:5:   minmay_slime_entry_oklob_enclosed, nicolae_volcano_entry_s_turn
Lair:6:   due_jungle_book, lemuel_fruit_fields
Swamp:1:  evilmike_swamp_ruin_house_6, swamp_pool1
Swamp:2:  evilmike_swamp_ruin_house_2
Swamp:3:  evilmike_swamp_ruin_house_1
Swamp:4:  swamp, swamp_pool3
Spider:1: uniq_frances, uniq_roxanne
Spider:3: nicolae_spider_nook
Spider:4: grunt_spider_rune_parallel
Orc:2:    pf_orc_diabolical, uniq_sonja, uniq_saint_roka
Elf:1:    minmay_elf_arrival_plus, serial_shops, nicolae_shop_window_shopping,
          hangedman_elven_crosses_minicolossus, st_stairs_3, minmay_crystal_room
Elf:3:    grunt_elf_hall_asides
Vaults:1: nicolae_vaults_little_squares_3, v_pattern_4, ontoclasm_vaults_tryst,
          st_cross, hangedman_vaults_slice, hangedman_vaults_corner,
          vaults_dpeg_cross, vaults_room_large_hall, vaults_mumra_lcd,
          ontoclasm_vaults_twist, grunt_vaults_focal, serial_shops, shop,
          shop_fountains, uniq_nikola
Vaults:2: nicolae_vaults_stairing_the_circle,
          hangedman_vaults_stretched_pinwheel, grunt_vaults_swirl,
          vaults_dpeg_encased_lava, ontoclasm_vaults_shuriken, v_pattern_1,
          hangedman_vaults_nails, vaults_standard_mumra_enter_the_diamond,
          hangedman_vaults_restitches, vaults_room_grid
Vaults:3: nicolae_vaults_murderbox, nicolae_vaults_shelves_hall,
          hangedman_vaults_pinch, minmay_crypt_entry_simple_box, v_misc_2,
          vaults_room_large_hall, nicolae_vaults_angled_halls,
          nicolae_vaults_rhombus_5, vaults_room_stairs_pillars,
          nicolae_vaults_alarming
Vaults:4: ontoclasm_vaults_hangar, v_pattern_3, ontoclasm_vaults_bender,
          v_misc_22, ontoclasm_vaults_fault, st_greater_box_3,
          nicolae_vaults_network_square, vaults_mumra_minichess_inversion,
          nicolae_vaults_circle_grid_b, v_misc_13, hangedman_vaults_maws,
          vaults_room_corners, v_misc_16, nicolae_vaults_three_branches,
          vaults_room_pool, ontoclasm_vaults_loading_screen,
          nicolae_vaults_theta, uniq_xtahua
Depths:1: grunt_hell_entry_dis_mu, infiniplex_enter_wizlab_water, pan_entry,
          kennysheep_flooded_box, dk_noncrumbling_2, door_vault,
          serial_bayou_shore_b
Depths:2: minmay_the_grid_octo_tiled_octocenter, enter_ziggurat_c,
          pf_vacation_house_of_asmodeus, kennysheep_nondecorative_pillar,
          basic_stair_grate_trap, infiniplex_staircase_zigzag_5
Depths:3: minmay_ambush_box, hellmouth_3, serial_co_window_serial,
          co_window_paths_a, co_window_paths_a, co_window_corner_a,
          co_window_of_opportunity_a, co_window_cross_1, co_window_corner_a,
          co_window_of_opportunity_a, co_window_paths_c, co_window_corner_ca,
          co_window_unsneaky_path_d, co_window_4corner_a, glass_columns_a,
          enter_trove_5, pan_entry, minmay_liquid_box, spider_trap,
          uniq_bai_suzhen, uniq_margery
Depths:4: kennysheep_scales, pf_coc_iceberg, serial_shops, shop,
          nicolae_shop_overgrown_old_shop, nicolae_shop_statue_plus,
          shop_scrolls, shop, solitary_fountain, abyss_entry,
          minmay_misc_feat_more_columns, serial_bayou_shore_b
Depths:5: grunt_crosshair, serial_sigils, serial_sigils_hangedman_shear,
          serial_sigils_hangedman_snap, serial_sigils_hangedman_scar,
          serial_sigils_hangedman_stare, lightli_too_deep, minmay_shop_grove,
          serial_bayou_shore_b
Zot:1:    grunt_ministairs_12, lemuel_flame_loot_1
Zot:3:    gammafunk_mikee_crab_dinner, grunt_megastairs_2
Zot:5:    grunt_ministairs_13
Abyss:2:  evilmike_abyss_exit_15
Trove:    trove_simple
Sewer:    sewer_minmay_w
Ossuary:  ossuary_tomb_3
Volcano:  volcano_pools

Table legend:
 A = Turns spent in this place as a percentage of turns spent in the entire game.
 B = Non-inter-level travel turns spent in this place as a percentage of non-inter-level travel turns spent in the entire game.
 C = Inter-level travel turns spent in this place as a percentage of turns spent in this place.
 D = Turns resting spent in this place as a percentage of non-inter-level travel turns spent in this place.
 E = Turns spent auto-exploring this place as a percentage of non-inter-level travel turns spent in this place.
 F = Non-inter-level travel turns spent in this place divided by the number of levels of this place that you've seen.
                   A       B       C       D       E      F
               +-------+-------+-------+-------+-------+----------------------
         Total | 100.0 | 100.0 |   5.5 |  34.4 |  43.8 | 1265.0
       Dungeon |  22.4 |  22.0 |   7.4 |  20.6 |  61.0 | 1000.1
          Lair |  11.5 |  11.5 |   5.8 |  34.1 |  45.5 | 1304.8
         Swamp |   6.2 |   6.3 |   3.4 |  33.5 |  42.3 | 1078.5
   Spider Nest |   6.2 |   6.4 |   3.1 |  22.3 |  54.1 | 1091.8
  Orcish Mines |   5.0 |   4.8 |   8.6 |  54.7 |  25.5 | 1655.5
   Elven Halls |   4.5 |   4.5 |   5.2 |  22.8 |  56.7 | 1031.0
        Vaults |  15.9 |  16.1 |   4.4 |  40.8 |  35.7 | 2193.8
        Depths |  13.8 |  13.5 |   7.5 |  30.5 |  46.7 | 1842.4
           Zot |  11.0 |  11.3 |   3.6 |  55.2 |  22.3 | 1539.4
         Abyss |   0.8 |   0.8 |   0.0 |  18.6 |  15.1 | 549.0
         Trove |   0.1 |   0.1 |   0.0 |   0.0 |  43.5 |  69.0
         Sewer |   2.0 |   2.1 |   0.0 |  71.9 |  11.9 | 1416.0
       Ossuary |   0.4 |   0.4 |   0.0 |  28.5 |  41.4 | 256.0
       Volcano |   0.3 |   0.3 |   0.0 |  32.6 |  35.7 | 227.0
               +-------+-------+-------+-------+-------+----------------------

Table legend:
 A = Kills in this place as a percentage of kills in entire the game.
 B = Kills by you in this place as a percentage of kills by you in the entire game.
 C = Kills by friends in this place as a percentage of kills by friends in the entire game.
 D = Other kills in this place as a percentage of other kills in the entire game.
 E = Experience gained in this place as a percentage of experience gained in the entire game.
 F = Experience gained in this place divided by the number of levels of this place that you have seen.
                   A       B       C       D       E      F
               +-------+-------+-------+-------+-------+----------------------
         Total | 100.0 | 100.0 | 100.0 | 100.0 | 100.0 | 27912.6
       Dungeon |  18.3 |  17.9 |  23.8 |   2.8 |   4.4 | 4452.7
          Lair |   7.0 |   7.0 |   8.3 |   0.0 |   3.2 | 8065.3
         Swamp |   7.5 |   7.8 |   6.3 |   2.8 |   5.2 | 19407.5
   Spider Nest |   8.2 |   8.7 |   5.6 |   0.0 |   5.4 | 20360.5
  Orcish Mines |   5.4 |   5.4 |   5.2 |   2.8 |   2.0 | 15116.0
   Elven Halls |   5.0 |   4.9 |   6.3 |   0.0 |   5.1 | 25824.7
        Vaults |  19.8 |  20.2 |  14.7 |  30.6 |  27.3 | 82175.0
        Depths |  15.8 |  15.5 |  13.1 |  52.8 |  22.9 | 68974.4
           Zot |   8.7 |   8.3 |  12.7 |   5.6 |  23.6 | 71125.6
         Abyss |   1.3 |   1.3 |   2.0 |   0.0 |   0.8 | 11743.0
         Sewer |   2.1 |   2.4 |   0.0 |   0.0 |   0.0 | 371.0
       Ossuary |   0.7 |   0.6 |   1.6 |   0.0 |   0.0 | 159.0
       Volcano |   0.1 |   0.0 |   0.4 |   2.8 |   0.1 | 1672.0
               +-------+-------+-------+-------+-------+----------------------
